[Event "Titled Tuesday Blitz June 27 Late 2023"]
[White "Bolourchifard, Farzad"]
[Black "Lopez Del Alamo, Antonio"]
[WhiteFideId "12510084"]
[BlackFideId "2227339"]
[WhiteElo "2700"]
[BlackElo "2376"]
[Result "1-0"]
[Round "2"]
[TimeControl "180+2"]
[Date "2023.06.27"]
[WhiteClock "0:01:05"]
[BlackClock "0:00:07"]
[Board "79"]

1. d4 Nf6 2. Nf3 g6 3. Bg5 Bg7 4. e3 O-O 5. Be2 d6 6. O-O Nbd7 7. Nbd2 Qe8 8. c3 b6 9. a4 a5 10. Qb3 Bb7 11. Bb5 e6 12. Rfe1 Qe7 13. e4 h6 14. Bh4 g5 15. Bg3 Nh5 16. Qc4 Rfc8 17. Bc6 Ba6 18. Qa2 Ra7 19. Bb5 Bb7 20. Bxd7 Qxd7 21. d5 e5 22. b4 Rca8 23. b5 Bc8 24. Qc4 Qe8 25. Nf1 f5 26. exf5 Bxf5 27. N3d2 Qd7 28. Qe2 Bg6 29. f3 Rf8 30. Ne3 Rf7 31. Ndf1 Ra8 32. Qc4 Raf8 33. Ng4 Nf6 34. Nxf6+ Bxf6 35. Nd2 Bd8 36. h3 Rf6 37. Qg4 Qxg4 38. hxg4 Kg7 39. Ne4 Bxe4 40. Rxe4 R6f7 41. Rae1 Kg6 42. Rc4 Re8 43. Rc6 Ref8 44. Rxe5 Kg7 45. Re4 Re8 46. Rxe8 1-0


[Site "https://www.chess.com"]

[Event "Titled Tuesday Blitz June 27 Late 2023"]
[White "Peatman, Carter"]
[Black "Fisher_TheGalactic"]
[WhiteFideId "2096480"]
[WhiteElo "2372"]
[BlackElo "2694"]
[Result "0-1"]
[Round "2"]
[TimeControl "180+2"]
[Date "2023.06.27"]
[WhiteClock "0:02:20"]
[BlackClock "0:02:12"]
[Board "80"]

1. d4 Nf6 2. Bf4 g6 3. e3 Bg7 4. Nf3 O-O 5. h3 d6 6. Bh2 c5 7. Bd3 Nc6 8. c3 b6 9. e4 Bb7 10. Nbd2 cxd4 11. cxd4 Nb4 12. Bb1 Ba6 13. Qb3 Nc6 14. Qa4 Qc8 15. Bc2 Nb4 16. Rc1 Nd3+ 17. Kd1 Nxb2+ 18. Ke1 Nxa4 0-1


[Site "https://www.chess.com"]

[Event "Titled Tuesday Blitz June 27 Late 2023"]
[White "Volkov, Maksim"]
[Black "micke12a"]
[WhiteFideId "54123070"]
[WhiteElo "2691"]
[BlackElo "2358"]
[Result "1-0"]
[Round "2"]
[TimeControl "180+2"]
[Date "2023.06.27"]
[WhiteClock "0:01:17"]
[BlackClock "0:00:02"]
[Board "81"]

1. d4 Nf6 2. c4 e6 3. g3 d5 4. Bg2 dxc4 5. Nf3 c6 6. O-O b5 7. a4 Bb7 8. b3 cxb3 9. Ne5 a6 10. Bb2 Be7 11. Nd2 O-O 12. Nxb3 Qb6 13. Qc2 Nd5 14. Nc5 Bxc5 15. dxc5 Qc7 16. Rfd1 f6 17. Nf3 Nd7 18. Nd4 Rae8 19. e4 Nb4 20. Qb3 a5 21. Nxe6 Qc8 22. Nxf8+ Kxf8 23. axb5 Nxc5 24. Qc3 cxb5 25. Rxa5 Nba6 26. Rxb5 Bxe4 27. Bxe4 Nxe4 28. Qxc8 Rxc8 29. Ba3+ Kf7 30. Rd7+ Kg6 31. Rbb7 Rg8 32. Re7 Nd2 33. Kg2 Nc4 34. Bc1 Ne5 35. f4 Nd3 36. Be3 Nac5 37. Rbc7 Ra8 38. Bxc5 Ra2+ 39. Kh3 Rc2 40. Rxg7+ Kf5 41. Bd6 Nf2+ 42. Kh4 Re2 43. g4+ Ke6 44. Rce7+ Kxd6 45. Rxe2 1-0


[Site "https://www.chess.com"]

[Event "Titled Tuesday Blitz June 27 Late 2023"]
[White "The_Straightforward_Rook"]
[Black "Korchmar, Vasiliy"]
[BlackFideId "24131750"]
[WhiteElo "2351"]
[BlackElo "2688"]
[Result "0-1"]
[Round "2"]
[TimeControl "180+2"]
[Date "2023.06.27"]
[WhiteClock "0:00:00"]
[BlackClock "0:00:08"]
[Board "82"]

1. Nf3 d5 2. d4 Nf6 3. c4 c6 4. Nc3 e6 5. Bg5 Nbd7 6. e3 Be7 7. Qc2 O-O 8. h4 c5 9. dxc5 Nxc5 10. cxd5 exd5 11. Be2 h6 12. Rd1 Be6 13. Bf4 Rc8 14. Nd4 Nfe4 15. Kf1 Bxh4 16. g3 Bf6 17. Kg2 Nxc3 18. bxc3 Ne4 19. c4 Qa5 20. Bd3 Ng5 21. Bxg5 Bxg5 22. Nxe6 fxe6 23. Bh7+ Kh8 24. Bd3 dxc4 25. Be4 b5 26. Qe2 Qc7 27. Qh5 Qf7 28. Bg6 Qxf2+ 29. Kh3 Rf3 30. Rdg1 Bxe3 31. Be4 Rf6 32. Kg4 Rcf8 33. Rf1 Qb2 34. Qg6 Rxg6+ 35. Bxg6 Rxf1 36. Rxf1 Qe2+ 37. Rf3 Bd4 38. Be4 Bf6 39. Bg6 c3 40. Kh3 Qxf3 0-1


[Site "https://www.chess.com"]

[Event "Titled Tuesday Blitz June 27 Late 2023"]
[White "Bernado Lopez, Roger"]
[Black "Goryachkina, Aleksandra"]
[WhiteFideId "24585009"]
[BlackFideId "4147103"]
[WhiteElo "2336"]
[BlackElo "2684"]
[Result "1-0"]
[Round "2"]
[TimeControl "180+2"]
[Date "2023.06.27"]
[WhiteClock "0:00:02"]
[BlackClock "0:00:00"]
[Board "83"]

1. e4 c6 2. d4 d5 3. e5 Bf5 4. Nf3 e6 5. Be2 c5 6. Be3 cxd4 7. Nxd4 Ne7 8. Nd2 Nbc6 9. Bb5 Bg6 10. c4 a6 11. Ba4 Rc8 12. O-O Bd3 13. Re1 Bxc4 14. Bc2 Nxd4 15. Bxd4 Nc6 16. Bc3 b5 17. b3 b4 18. Bb2 Bb5 19. Nf3 Bc5 20. Rc1 Qb6 21. Qd2 h6 22. Bb1 Be7 23. Nd4 Bg5 24. f4 Bh4 25. g3 Be7 26. Kg2 O-O 27. Nxb5 Qxb5 28. h4 d4 29. Be4 Rfd8 30. Qd1 d3 31. Rc4 Qb6 32. Bxd3 Na5 33. Rxc8 Rxc8 34. Qe2 Rd8 35. Kh2 Nc6 36. Qe4 g6 37. h5 Rxd3 38. hxg6 1-0


[Site "https://www.chess.com"]

[Event "Titled Tuesday Blitz June 27 Late 2023"]
[White "Fernandez Guillen, Ernesto J."]
[Black "Garmendiarov"]
[WhiteFideId "3512428"]
[WhiteElo "2684"]
[BlackElo "2320"]
[Result "1-0"]
[Round "2"]
[TimeControl "180+2"]
[Date "2023.06.27"]
[WhiteClock "0:01:43"]
[BlackClock "0:00:00"]
[Board "84"]

1. e4 c5 2. Nf3 e6 3. d4 cxd4 4. Nxd4 Bc5 5. Nb3 Bb6 6. Nc3 Ne7 7. Bd3 O-O 8. Qe2 f5 9. Bg5 fxe4 10. Nxe4 d5 11. Nec5 Bxc5 12. Nxc5 Qa5+ 13. c3 Qxc5 14. O-O-O Nbc6 15. Qh5 g6 16. Qh6 Nf5 17. Bxf5 Rxf5 18. h4 d4 19. h5 gxh5 20. Rxh5 Rf7 21. Bf6 Qc4 22. Rg5+ 1-0


[Site "https://www.chess.com"]

[Event "Titled Tuesday Blitz June 27 Late 2023"]
[White "Zampronha, Wladimir Camilo"]
[Black "Prestia, Paris"]
[WhiteFideId "2103087"]
[BlackFideId "30925959"]
[WhiteElo "2295"]
[BlackElo "2683"]
[Result "0-1"]
[Round "2"]
[TimeControl "180+2"]
[Date "2023.06.27"]
[WhiteClock "0:02:08"]
[BlackClock "0:01:57"]
[Board "85"]

1. e4 c5 2. Nf3 d6 3. d4 cxd4 4. Nxd4 Nf6 5. Nc3 Bd7 6. Bg5 Nc6 7. Qd2 a6 8. O-O-O e6 9. f4 b5 10. Nxc6 Bxc6 11. e5 dxe5 12. Qxd8+ Rxd8 13. Rxd8+ Kxd8 14. fxe5 h6 15. Bh4 g5 16. Bg3 Nh5 17. Bd3 Nxg3 18. hxg3 Bg7 19. Re1 Bxg2 20. Be4 Bxe4 21. Nxe4 Bxe5 22. Nc5 Bxg3 23. Rd1+ Ke7 24. Nxa6 Bd6 25. c3 Ra8 26. Nb4 Bxb4 27. cxb4 Rxa2 0-1


[Site "https://www.chess.com"]

[Event "Titled Tuesday Blitz June 27 Late 2023"]
[White "Gokerkan, Cem Kaan"]
[Black "Taranenko, Evgueniy"]
[WhiteFideId "6336760"]
[BlackFideId "14122138"]
[WhiteElo "2683"]
[BlackElo "2293"]
[Result "1-0"]
[Round "2"]
[TimeControl "180+2"]
[Date "2023.06.27"]
[WhiteClock "0:00:26"]
[BlackClock "0:00:28"]
[Board "86"]

1. e4 e6 2. d3 d5 3. Nd2 Nf6 4. Ngf3 c5 5. g3 Nc6 6. Bg2 g6 7. O-O Bg7 8. Re1 O-O 9. c3 b6 10. Qc2 a5 11. a4 Ba6 12. exd5 Nxd5 13. Ne4 Qc7 14. Bg5 f6 15. Bc1 Rad8 16. Ned2 Rfe8 17. Nc4 e5 18. h4 e4 19. dxe4 Bxc4 20. exd5 Bxd5 21. Bf4 Qb7 22. Rxe8+ Rxe8 23. Ne1 Bxg2 24. Nxg2 Qf7 25. Rd1 Qc4 26. Ne3 Qf7 27. Rd6 Re6 28. Qd3 Bf8 29. Rxe6 Qxe6 30. Qb5 Ne7 31. Qe8 Qf7 32. Qd8 Qb3 33. Bh6 Qf7 34. Bxf8 Qxf8 35. Qxb6 Qc8 36. Qxf6 Nc6 37. Nd5 1-0


[Site "https://www.chess.com"]

[Event "Titled Tuesday Blitz June 27 Late 2023"]
[White "Coelho, Ramyres Santana"]
[Black "Alex_Sahakyan2006"]
[WhiteFideId "2120690"]
[WhiteElo "2293"]
[BlackElo "2674"]
[Result "0-1"]
[Round "2"]
[TimeControl "180+2"]
[Date "2023.06.27"]
[WhiteClock "0:00:03"]
[BlackClock "0:00:15"]
[Board "87"]

1. e4 g6 2. d4 Bg7 3. Nc3 a6 4. f3 b5 5. a3 Bb7 6. Be3 d6 7. Qd2 Nd7 8. h4 h6 9. h5 g5 10. Bd3 c5 11. d5 Ngf6 12. g4 Ne5 13. Be2 Rb8 14. Nh3 Bc8 15. Nf2 Nfd7 16. Rd1 Nc4 17. Bxc4 bxc4 18. Rb1 Ne5 19. Rh3 Qa5 20. Ncd1 Qc7 21. c3 Bd7 22. Rg3 Ba4 23. f4 gxf4 24. Bxf4 Bf6 25. g5 hxg5 26. Bxg5 Bxg5 27. Qxg5 Kd8 28. Qg7 Kd7 29. h6 Bc2 30. Rc1 Bd3 31. h7 Qd8 32. Ne3 Qf8 33. Nf5 Qxg7 34. Rxg7 Rxb2 35. Nh4 Re2+ 36. Kf1 Rc2+ 37. Nxd3 cxd3 38. Rd1 Rh2 39. Nf5 Rh1+ 40. Rg1 R8xh7 41. Ng3 Rxg1+ 42. Kxg1 Rg7 43. Kf2 c4 44. Nf5 Rh7 45. Ng3 Rh2+ 46. Ke3 Rc2 47. Rf1 Rxc3 48. Rb1 d2+ 49. Kxd2 Rxg3 50. Rb7+ Kd8 51. Ra7 Rxa3 52. Ra8+ Kc7 53. Ra7+ Kb6 54. Rxe7 Kc5 55. Rc7+ Kd4 56. Rb7 Ra2+ 57. Kc1 Nd3+ 58. Kb1 Rb2+ 59. Ka1 Rxb7 60. e5 Kc3 61. exd6 Rd7 62. Ka2 Rxd6 63. Ka3 Rxd5 64. Ka4 Rc5 65. Ka3 Ra5# 0-1


[Site "https://www.chess.com"]

[Event "Titled Tuesday Blitz June 27 Late 2023"]
[White "Rosen, Eric"]
[Black "Torres Dominguez, David"]
[WhiteFideId "2032562"]
[BlackFideId "2220857"]
[WhiteElo "2674"]
[BlackElo "2109"]
[Result "1-0"]
[Round "2"]
[TimeControl "180+2"]
[Date "2023.06.27"]
[WhiteClock "0:00:03"]
[BlackClock "0:00:00"]
[Board "88"]

1. d4 e5 2. dxe5 d6 3. Nf3 Bg4 4. Bg5 Qd7 5. Nc3 Nc6 6. exd6 Bxd6 7. Nb5 Nge7 8. Nxd6+ cxd6 9. e4 O-O-O 10. h3 Bh5 11. Be2 Qe6 12. Qd3 Kb8 13. O-O f6 14. Be3 Bg6 15. Nd2 d5 16. Qb3 Bxe4 17. Nxe4 Qxe4 18. c3 g5 19. Bf3 Qe5 20. Rfe1 Qc7 21. Qa3 h5 22. Bxa7+ Kc8 23. Bc5 Nf5 24. Qa8+ Nb8 25. Ba7 Nh4 26. Bd1 Rhe8 27. Rxe8 Rxe8 28. Bc2 Kd7 29. Ba4+ 1-0


[Site "https://www.chess.com"]

[Event "Titled Tuesday Blitz June 27 Late 2023"]
[White "Oliveira, Tiago Batista"]
[Black "Grischuk, Alexander"]
[WhiteFideId "2108291"]
[BlackFideId "4126025"]
[WhiteElo "2168"]
[BlackElo "3018"]
[Result "0-1"]
[Round "2"]
[TimeControl "180+2"]
[Date "2023.06.27"]
[WhiteClock "0:00:10"]
[BlackClock "0:01:32"]
[Board "89"]

1. d4 e6 2. c4 b6 3. Nf3 Bb7 4. g3 Bb4+ 5. Bd2 Bxf3 6. exf3 Bxd2+ 7. Qxd2 Ne7 8. Bd3 c6 9. Nc3 d5 10. b3 Nd7 11. O-O O-O 12. Rad1 Nf6 13. Rfe1 Qd6 14. Re5 Rfd8 15. Qe2 g6 16. Qe3 Kg7 17. Ne2 a5 18. Nf4 dxc4 19. bxc4 Qxd4 20. Rxe6 Qxe3 21. Rxe3 Kf8 22. Rde1 Ra7 23. g4 Rd4 24. Ne2 Rd6 25. Nc3 Rad7 26. Bb1 Rd4 27. Na4 Rb7 28. Nxb6 Rxb6 29. Rxe7 Rxb1 30. g5 Rxe1+ 31. Rxe1 Nh5 32. Rb1 Nf4 33. h4 Ne6 34. Rb6 Rxc4 35. Ra6 a4 0-1


[Site "https://www.chess.com"]

[Event "Titled Tuesday Blitz June 27 Late 2023"]
[White "Xiong, Jeffery"]
[Black "Tologon tegin, Semetei"]
[WhiteFideId "2047640"]
[BlackFideId "13800574"]
[WhiteElo "2926"]
[BlackElo "2532"]
[Result "1-0"]
[Round "2"]
[TimeControl "180+2"]
[Date "2023.06.27"]
[WhiteClock "0:00:54"]
[BlackClock "0:00:00"]
[Board "90"]

1. e4 c5 2. Nf3 Nc6 3. Bb5 d6 4. O-O Bd7 5. Re1 a6 6. Bxc6 Bxc6 7. d4 cxd4 8. Nxd4 Nf6 9. Nxc6 bxc6 10. c4 e5 11. Nc3 Be7 12. b3 O-O 13. Qd3 Qc7 14. Be3 Nd7 15. Rad1 a5 16. Na4 Rfe8 17. Rc1 Rad8 18. Red1 Bf8 19. h3 Rb8 20. Qc2 Nf6 21. Bg5 Nd7 22. Be3 Nf6 23. Rd2 h6 24. Rcd1 Red8 25. Nc3 Qe7 26. Qd3 Qe6 27. Qe2 Rd7 28. Qf3 Rbb7 29. Na4 Rd8 30. g4 Rc8 31. Kh1 Be7 32. Rg1 g5 33. h4 Nh7 34. c5 dxc5 35. Nxc5 Bxc5 36. Bxc5 Nf8 37. Rd6 Qe7 38. Rxc6 Qxc5 39. Rxc5 Rxc5 40. hxg5 hxg5 41. Qf6 Ng6 42. Rd1 Rbc7 43. Kg2 Rc1 44. Rxc1 Rxc1 45. Qd8+ Kg7 46. Qxa5 Nf4+ 47. Kh2 1-0


[Site "https://www.chess.com"]

[Event "Titled Tuesday Blitz June 27 Late 2023"]
[White "Ter-Sahakyan, Samvel"]
[Black "Rengifo Blancas, Renzo Jhonathan"]
[WhiteFideId "13302531"]
[BlackFideId "3807185"]
[WhiteElo "2903"]
[BlackElo "2495"]
[Result "1-0"]
[Round "2"]
[TimeControl "180+2"]
[Date "2023.06.27"]
[WhiteClock "0:01:01"]
[BlackClock "0:00:00"]
[Board "91"]

1. Nf3 d5 2. e3 Nf6 3. c4 e6 4. Nc3 c5 5. cxd5 exd5 6. Bb5+ Nc6 7. d4 Be7 8. O-O O-O 9. dxc5 Bxc5 10. h3 Be6 11. b3 Qa5 12. Bb2 Ba3 13. Bxa3 Qxa3 14. Bd3 Qe7 15. Rc1 Rac8 16. Ne2 Ne4 17. Ned4 Nb4 18. Bb1 Qf6 19. Qe2 Nc3 20. Qd2 Nxb1 21. Qxb4 Rxc1 22. Rxc1 Qg6 23. Kh1 h5 24. Qxb7 Qd3 25. Qb4 Rd8 26. Nxe6 fxe6 27. Qe7 Rf8 28. Qxe6+ Kh8 29. Ne5 Qf5 30. Ng6+ Kh7 31. Nxf8+ Qxf8 32. Rxb1 Qxf2 33. Qxd5 h4 34. Qh5+ Kg8 35. Qe8+ Kh7 36. Qe4+ Kg8 37. Rd1 Qf8 38. Qd5+ Kh7 39. Qh5+ Kg8 40. Qxh4 Qb4 41. Qxb4 1-0


[Site "https://www.chess.com"]

[Event "Titled Tuesday Blitz June 27 Late 2023"]
[White "Bordi, Kevin"]
[Black "Zavortink, Matt"]
[WhiteFideId "621862"]
[BlackFideId "2034263"]
[WhiteElo "2852"]
[BlackElo "2488"]
[Result "1-0"]
[Round "2"]
[TimeControl "180+2"]
[Date "2023.06.27"]
[WhiteClock "0:01:17"]
[BlackClock "0:00:22"]
[Board "92"]

1. e4 c5 2. Nf3 e6 3. b4 b6 4. bxc5 bxc5 5. Nc3 Bb7 6. Rb1 Qc7 7. Nb5 Qc8 8. e5 Nc6 9. Ba3 Nh6 10. Nd6+ Bxd6 11. exd6 Nd4 12. Nxd4 cxd4 13. Bd3 Qc6 14. f3 Rb8 15. Qe2 O-O 16. O-O Qa4 17. Bc5 Bd5 18. a3 Rfc8 19. Qe5 Qa5 20. Qxd4 Qxd2 21. Rxb8 Rxb8 22. Bxh7+ 1-0


[Site "https://www.chess.com"]

[Event "Titled Tuesday Blitz June 27 Late 2023"]
[White "Perez Ponsa, Federico"]
[Black "NLLO777"]
[WhiteFideId "117927"]
[WhiteElo "2791"]
[BlackElo "2460"]
[Result "1-0"]
[Round "2"]
[TimeControl "180+2"]
[Date "2023.06.27"]
[WhiteClock "0:01:23"]
[BlackClock "0:00:10"]
[Board "93"]

1. e4 c5 2. Nf3 d6 3. c3 Nf6 4. Bd3 Bg4 5. h3 Bh5 6. O-O e6 7. Re1 Be7 8. Bf1 Nc6 9. d3 O-O 10. Nbd2 d5 11. g4 Bg6 12. Nh4 dxe4 13. dxe4 Bxe4 14. g5 Bd3 15. gxf6 Bxf6 16. Ng2 Bxf1 17. Nxf1 Qe7 18. Ng3 Rfd8 19. Qe2 Ne5 20. Be3 c4 21. Rad1 b5 22. Ne4 Nd3 23. Rf1 a6 24. Nf4 Nxf4 25. Bxf4 Rd5 26. Nxf6+ Qxf6 27. Rxd5 exd5 28. Be3 Re8 29. Qg4 g6 30. Bd4 Qe6 31. Qxe6 Rxe6 32. Be3 f6 33. Rd1 Rd6 34. Kg2 Kf7 35. Bc5 Rd7 36. Kf3 g5 37. Re1 h6 38. a3 h5 39. Bd4 Kg6 40. Re6 Rf7 41. Rxa6 Kf5 42. Rd6 Rd7 43. Rxd7 1-0


[Site "https://www.chess.com"]

[Event "Titled Tuesday Blitz June 27 Late 2023"]
[White "Jiang, Andrew"]
[Black "Tsaruk, Maksim"]
[WhiteFideId "30953510"]
[BlackFideId "13511173"]
[WhiteElo "2447"]
[BlackElo "2780"]
[Result "0-1"]
[Round "2"]
[TimeControl "180+2"]
[Date "2023.06.27"]
[WhiteClock "0:00:31"]
[BlackClock "0:00:11"]
[Board "94"]

1. e4 c6 2. Nc3 d5 3. Qf3 g6 4. exd5 Bg7 5. Bc4 Nf6 6. Nge2 O-O 7. h3 Bf5 8. Bb3 cxd5 9. Nxd5 Nbd7 10. d3 Ne5 11. Nxf6+ Bxf6 12. Qg3 a5 13. a4 Qb6 14. O-O Nxd3 15. Bxf7+ Rxf7 16. cxd3 Rd8 17. d4 Qa6 18. Re1 Bd3 19. Nf4 Bxd4 20. Nxd3 Qxd3 21. Be3 Bxb2 22. Rab1 Bc3 23. Rec1 e5 24. Rb3 Rc8 25. Qxe5 Qd1+ 26. Rxd1 Bxe5 27. Rb5 Bc3 28. Rc1 Rc6 29. Bb6 Rf5 30. Be3 Bb4 31. Rd1 Rxb5 32. axb5 Rc7 33. b6 Re7 34. Rd4 Kf7 35. Rd8 Ke6 36. g4 Rd7 37. Re8+ Kd6 38. f4 Kc6 39. Rc8+ Kb5 40. f5 gxf5 41. g5 a4 42. Rc7 Re7 43. Bc1 a3 44. Kg2 a2 45. Bb2 Kxb6 46. Rxe7 Bxe7 47. h4 Kb5 48. Kf3 Kc4 49. Kf4 Kb3 50. Ba1 Bb4 51. h5 Bc3 52. Bxc3 Kxc3 53. g6 hxg6 54. hxg6 a1=Q 55. Kxf5 Qg1 56. Kf6 b5 57. Kf7 b4 58. Kg7 b3 59. Kh7 b2 60. Kg7 b1=Q 61. Kh7 Qbxg6+ 62. Kh8 Qh5# 0-1


[Site "https://www.chess.com"]

[Event "Titled Tuesday Blitz June 27 Late 2023"]
[White "Hambleton, Aman"]
[Black "Remolar Gallen, Jose"]
[WhiteFideId "2606577"]
[BlackFideId "2215187"]
[WhiteElo "2715"]
[BlackElo "2443"]
[Result "0-1"]
[Round "2"]
[TimeControl "180+2"]
[Date "2023.06.27"]
[WhiteClock "0:00:00"]
[BlackClock "0:00:04"]
[Board "95"]

1. d4 Nf6 2. c4 g6 3. Nc3 d5 4. cxd5 Nxd5 5. Bd2 Bg7 6. e4 Nxc3 7. Bxc3 O-O 8. Qd2 Nd7 9. Nf3 b6 10. Bd3 e6 11. Bb5 Bb7 12. Qe3 Nf6 13. Bd3 c5 14. dxc5 bxc5 15. Rd1 Qb6 16. O-O c4 17. Bd4 Qa6 18. Bb1 Rfd8 19. Qc3 Ne8 20. Bxg7 Nxg7 21. Ne5 h5 22. Nd7 Ne8 23. Nc5 Qc6 24. Nxb7 Qxb7 25. h4 Rab8 26. Rd2 Rxd2 27. Qxd2 Qxb2 28. Qa5 Qb6 29. Qe5 Qb5 30. Qc3 Qb4 31. Qe5 Qd6 32. Qc3 Qc5 33. Rc1 Rc8 34. Bd3 Nd6 35. Be2 e5 36. Bf3 Nb5 37. Qa5 Nd4 38. Qa6 Nxf3+ 39. gxf3 c3 40. Rc2 Rd8 41. Kg2 Rd2 42. Rc1 Qxf2+ 0-1


[Site "https://www.chess.com"]

[Event "Titled Tuesday Blitz June 27 Late 2023"]
[White "Pinto, Daniel"]
[Black "Fernandez, Daniel"]
[WhiteFideId "3303144"]
[BlackFideId "2015390"]
[WhiteElo "2404"]
[BlackElo "2711"]
[Result "0-1"]
[Round "2"]
[TimeControl "180+2"]
[Date "2023.06.27"]
[WhiteClock "0:00:00"]
[BlackClock "0:00:47"]
[Board "96"]

1. e4 c6 2. d4 d5 3. e5 c5 4. dxc5 e6 5. a3 Nd7 6. Nf3 Nxc5 7. c4 Ne7 8. b4 Ne4 9. cxd5 Qxd5 10. Qxd5 exd5 11. Nd4 Nc6 12. Nxc6 bxc6 13. f3 a5 14. fxe4 axb4 15. exd5 cxd5 16. Bb5+ Bd7 17. Bxd7+ Kxd7 18. O-O Ke6 19. Bb2 Bc5+ 20. Kh1 Rhb8 21. axb4 Rxa1 22. Bxa1 Rxb4 23. Nd2 d4 24. Ne4 Be7 25. Nf2 Kd5 26. g3 Rb3 27. Rd1 Bc5 28. Nd3 Bb6 29. Kg2 Ke4 30. Nc1 Re3 31. Rd2 d3 32. Bc3 h5 33. Nb3 g5 34. Na5 Re2+ 35. Rxe2+ dxe2 36. Nc4 Bd4 37. Be1 Kd3 38. Nd6 Bxe5 39. Nxf7 Bc3 40. Bxc3 Kxc3 0-1


[Site "https://www.chess.com"]

[Event "Titled Tuesday Blitz June 27 Late 2023"]
[White "Cugimura97"]
[Black "Gatterer, Florian"]
[BlackFideId "811688"]
[WhiteElo "2695"]
[BlackElo "2410"]
[Result "1-0"]
[Round "2"]
[TimeControl "180+2"]
[Date "2023.06.27"]
[WhiteClock "0:00:40"]
[BlackClock "0:00:00"]
[Board "97"]

1. d4 d5 2. c4 c6 3. cxd5 cxd5 4. Nc3 Nf6 5. Bf4 Nc6 6. e3 Bf5 7. Qb3 Na5 8. Qa4+ Bd7 9. Bb5 Nc6 10. Nf3 a6 11. Bxc6 Bxc6 12. Qc2 e6 13. O-O Bd6 14. Ne5 Bxe5 15. Bxe5 O-O 16. Rac1 Rc8 17. Qb3 Ne4 18. Nxe4 dxe4 19. Rc5 Bd5 20. Qa3 Rxc5 21. dxc5 Qd7 22. Qa5 Qc6 23. a4 Rc8 24. b4 Bb3 25. Ra1 f6 26. Bd6 Bc4 27. h3 Kf7 28. Rb1 b5 29. axb5 Bxb5 30. Qa3 Qd5 31. Qc3 Qc4 32. Qa3 g5 33. Rc1 Qd5 34. Qc3 Kg6 35. Qc2 Qd3 36. Qa2 Qd5 37. Qa1 h5 38. Rd1 Qf5 39. Qd4 h4 40. Be7 e5 41. Qd5 Bc6 42. Qa2 Bb5 43. Rd6 Re8 44. Rxf6+ Qxf6 45. Bxf6 Kxf6 46. Qd5 Re6 47. Qxe4 Bc6 48. Qh7 Bb5 49. Qh6+ Kf7 50. Qxg5 Rg6 51. Qxh4 Bc6 52. Qh7+ Kf6 53. Qh8+ Ke6 54. g4 Kd5 55. Kg2 Kc4+ 56. Kg3 Kxb4 57. Qxe5 Rg8 58. Qd4+ Kb5 59. f4 a5 60. f5 Re8 61. f6 a4 62. f7 Rf8 63. Qd3+ Kb4 64. Qd2+ Kb3 65. Qd3+ Kb4 66. Qd4+ Kb3 67. Qg7 Rb8 68. f8=Q Rb7 69. Qfg8+ Kc2 70. Qd4 Kc1 71. Qgc4+ 1-0


[Site "https://www.chess.com"]

[Event "Titled Tuesday Blitz June 27 Late 2023"]
[White "Lowinger, Daniel"]
[Black "Vaibhav Jayant Raut"]
[WhiteFideId "2005557"]
[BlackFideId "5089034"]
[WhiteElo "2384"]
[BlackElo "2639"]
[Result "1-0"]
[Round "2"]
[TimeControl "180+2"]
[Date "2023.06.27"]
[WhiteClock "0:00:23"]
[BlackClock "0:00:11"]
[Board "98"]

1. e4 c5 2. Nf3 Nc6 3. d4 cxd4 4. Nxd4 Nf6 5. Nc3 e6 6. Ndb5 Bb4 7. Nd6+ Ke7 8. Nxc8+ Rxc8 9. Bd3 d5 10. exd5 Nxd5 11. Bd2 Nxc3 12. bxc3 Bc5 13. O-O Qd5 14. Rb1 b6 15. Qg4 h5 16. Qh4+ f6 17. Rfe1 g5 18. Qa4 Rc7 19. Bc1 Ne5 20. c4 Qc6 21. Qb3 Rd8 22. Rxe5 fxe5 23. Bxg5+ Ke8 24. Bg6+ Kf8 25. Bxd8 Rg7 26. Qg3 Qd7 27. Bf6 Bxf2+ 28. Qxf2 Rxg6 29. Bxe5+ Kg8 30. Rf1 Qe7 31. Kh1 h4 32. h3 a5 33. Qxb6 Kh7 34. Qf2 Kh6 35. Qf8+ Qxf8 36. Rxf8 Kh7 37. Rf7+ Kh6 38. Rf6 Rxf6 39. Bxf6 Kg6 40. Bxh4 Kf5 41. Be1 Ke4 42. Bxa5 Kd4 43. h4 Kc5 44. h5 Kxc4 45. h6 e5 46. h7 e4 47. h8=Q e3 48. Qc3+ Kb5 49. Qxe3 Ka4 50. Qb3+ Kxa5 51. c4 Ka6 52. c5 Ka5 53. c6 Ka6 54. c7 Ka5 55. g4 Ka6 56. c8=Q+ Ka5 57. Qa8# 1-0


[Site "https://www.chess.com"]

[Event "Titled Tuesday Blitz June 27 Late 2023"]
[White "Janaszak, Dawid"]
[Black "Prydun, Andriy"]
[WhiteFideId "1119206"]
[BlackFideId "14145898"]
[WhiteElo "2568"]
[BlackElo "2382"]
[Result "1-0"]
[Round "2"]
[TimeControl "180+2"]
[Date "2023.06.27"]
[WhiteClock "0:00:44"]
[BlackClock "0:00:00"]
[Board "99"]

1. e4 c5 2. Nc3 Nc6 3. Bb5 Qb6 4. Nge2 g6 5. O-O Bg7 6. Nd5 Qd8 7. f4 e6 8. Bxc6 bxc6 9. Ndc3 d6 10. d3 Ne7 11. Qe1 O-O 12. b3 f5 13. Bb2 c4 14. Kh1 cxd3 15. cxd3 Qd7 16. Na4 Bxb2 17. Nxb2 Ba6 18. Qa5 Qb7 19. Nd4 Kf7 20. Rfe1 Qb6 21. Qc3 c5 22. Nf3 h6 23. Nc4 Qc7 24. e5 d5 25. Nd6+ Kg8 26. Rac1 Nc8 27. Nd4 Nxd6 28. exd6 Qxd6 29. Rxe6 cxd4 30. Qe1 Qd7 31. Rxg6+ Kh7 32. Rxa6 Rg8 33. Re6 Rae8 34. Re5 Qg7 35. g3 Qg4 36. Rc7+ Kh8 37. Rxe8 Qf3+ 38. Kg1 1-0


[Site "https://www.chess.com"]

[Event "Titled Tuesday Blitz June 27 Late 2023"]
[White "MaryanKyrychenko"]
[Black "Andersson, Bjorn 1971"]
[BlackFideId "1702114"]
[WhiteElo "2566"]
[BlackElo "2332"]
[Result "0-1"]
[Round "2"]
[TimeControl "180+2"]
[Date "2023.06.27"]
[WhiteClock "0:00:05"]
[BlackClock "0:00:17"]
[Board "100"]

1. e4 c5 2. Nc3 Nc6 3. f4 g5 4. Nf3 gxf4 5. Bb5 d6 6. d3 e5 7. O-O Bg4 8. Bc4 Qd7 9. Qe1 O-O-O 10. a3 Nd4 11. Nxd4 cxd4 12. Nd5 Be7 13. c3 dxc3 14. bxc3 Kb8 15. d4 Nf6 16. Rb1 Rc8 17. Ba6 b6 18. Bxc8 Rxc8 19. Nxe7 Qxe7 20. a4 Be6 21. Ba3 Bc4 22. Rf2 Qc7 23. Rd2 Ka8 24. a5 bxa5 25. dxe5 dxe5 26. Bd6 Qc6 27. Bxe5 Nxe4 28. Rd4 f5 29. Bxf4 a4 30. Qc1 Bb3 31. c4 Rg8 32. g3 h5 33. Qe3 h4 34. Rxb3 axb3 35. Qxb3 hxg3 36. hxg3 Qc5 37. Qe3 Rc8 38. Kg2 Qc6 39. Kg1 Qb6 40. g4 Qb1+ 41. Kg2 Qc2+ 42. Kf3 Re8 43. Qd3 Qf2# 0-1


[Site "https://www.chess.com"]

[Event "Titled Tuesday Blitz June 27 Late 2023"]
[White "Ladron De Guevara Pinto, Paolo"]
[Black "Gardezi, Arsal"]
[WhiteFideId "2290847"]
[BlackFideId "30949521"]
[WhiteElo "2552"]
[BlackElo "2185"]
[Result "1-0"]
[Round "2"]
[TimeControl "180+2"]
[Date "2023.06.27"]
[WhiteClock "0:00:37"]
[BlackClock "0:00:00"]
[Board "101"]

1. e4 e5 2. Bc4 Nc6 3. d3 Nf6 4. Nc3 Na5 5. Bb3 Nxb3 6. axb3 Bc5 7. Nf3 d6 8. Na4 Bb6 9. Nxb6 cxb6 10. O-O O-O 11. h3 h6 12. Re1 Be6 13. d4 exd4 14. Nxd4 d5 15. e5 Nd7 16. f4 Nc5 17. f5 Bc8 18. Qh5 Ne4 19. f6 gxf6 20. Bxh6 Re8 21. e6 Bxe6 22. Rxe4 dxe4 23. Nxe6 f5 24. Nxd8 1-0


[Site "https://www.chess.com"]

[Event "Titled Tuesday Blitz June 27 Late 2023"]
[White "He, Anthony"]
[Black "Palacio,Igor Da Paz"]
[WhiteFideId "2088215"]
[BlackFideId "2121140"]
[WhiteElo "2993"]
[BlackElo "2210"]
[Result "1-0"]
[Round "2"]
[TimeControl "180+2"]
[Date "2023.06.27"]
[WhiteClock "0:01:31"]
[BlackClock "0:00:11"]
[Board "102"]

1. e4 e5 2. Nf3 Nc6 3. Bc4 Be7 4. O-O Nf6 5. d3 d6 6. a4 O-O 7. Re1 a6 8. h3 h6 9. c3 Nh7 10. d4 Ng5 11. Nbd2 Nxf3+ 12. Nxf3 Bf6 13. Be3 Re8 14. Qd3 Kh7 15. Bxf7 Rf8 16. Ba2 Qe8 17. dxe5 Nxe5 18. Nxe5 dxe5 19. Bc5 Rh8 20. f4 b6 21. fxe5 Bxe5 22. Bd4 Bb7 23. Rad1 Rd8 24. Qc4 c5 25. Bf2 Rf8 26. Bb3 Qe7 27. Rxd8 Rxd8 28. Rf1 Rf8 29. Be3 Bh2+ 30. Kxh2 Rxf1 31. Qxf1 1-0


[Site "https://www.chess.com"]